 Dungeon Crawl Stone Soup version 0.17.1-2-g5865329 (webtiles) character file.

297306 Peloso the Hoplite (level 20, -15/184 HPs)
             Began as a Minotaur Fighter on Jan 17, 2016.
             Was the Champion of Okawaru.
             Killed from afar by a merfolk aquamancer (34 damage)
             ... with a shard of ice
             ... on level 4 of the Shoals.
             The game lasted 03:09:13 (43770 turns).

Peloso the Hoplite (Minotaur Fighter)              Turns: 43770, Time: 03:09:13

Health: -15/184    AC: 27    Str: 42    XL:     20   Next: 44%
Magic:  19/19      EV: 18    Int:  5    God:    Okawaru [******]
Gold:   3206       SH: 37    Dex: 18    Spells: 0 memorised, 19 levels left

rFire  + . .     SeeInvis +     g - +7 double sword (venom)
rCold  . . .     Clarity  .     Y - +7 chain mail of Generosity {rCorr Int+3}
rNeg   . . .     SustAt   .     w - +7 large shield "Riqo" {+Fly rF+ Dex+4}
rPois  .         Gourm    .     P - +0 mask of the Dragon {MR+ Slay+3 SInv}
rElec  +         Spirit   .     L - +2 cloak of Garawnuk {MR+++ Regen+ Int-3 Stlth+}
rCorr  +         Warding  .     B - -4 pair of gloves "Ahoimm" {-Tele Str+10 Stlth+}
rMut   .         NoTele   +     d - +2 pair of boots {Fly}
MR     +++++                    x - amulet of faith
Stlth  ..........               m - ring of Oprozups {Wiz +Inv rElec Str+3}
                                t - ring "Ilexi" {rElec Str+3 Stlth-}

@: flying, almost entirely resistant to hostile enchantments, extremely
unstealthy
A: retaliatory headbutt, horns 2, yellow scales 1, low mp 1, subdued magic 1
a: Heroism, Finesse, Renounce Religion, Evoke Invisibility, Stop Flying
}: 1/15 runes: serpentine


You were on level 4 of the Shoals.
You worshipped Okawaru.
Okawaru was exalted by your worship.
You were very hungry.

You visited 7 branches of the dungeon, and saw 39 of its levels.
You visited 1 bazaar.
You also visited: Sewer.

You collected 5044 gold pieces.
You spent 1838 gold pieces at shops.

Inventory:

Hand Weapons
 g - a +7 double sword of venom (weapon)
 v - the +1 long sword of Bloody Death {flame, rF+ MR+ Stlth+}
   (You found it on level 1 of the Lair of Beasts)

   It has been specially enchanted to burn those struck by it, causing extra
   injury to most foes and up to half again as much damage against particularly
   susceptible opponents.
   Big, fiery blades are also staple armaments of hydra-hunters.
   It protects you from fire.
   It affects your resistance to hostile enchantments.
   It makes you more stealthy.
 X - the +5 falchion of Qaafed {elec, rElec Stlth+}
   (Okawaru gifted it to you on level 13 of the Dungeon)

   Occasionally, upon striking a foe, it will discharge some electrical energy
   and cause terrible harm.
   It insulates you from electricity.
   It makes you more stealthy.
Armour
 d - a +2 pair of boots of flying (worn)
 o - the +3 crown of Dyrovepreva {rElec Int+2 SInv}
   (Okawaru gifted it to you on level 3 of the Elven Halls)

   It affects your intelligence (+2).
   It insulates you from electricity.
   It lets you see invisible.
 w - the +7 large shield "Riqo" (worn) {+Fly rF+ Dex+4}
   (You bought it in a shop on level 4 of the Orcish Mines)

   It affects your dexterity (+4).
   It protects you from fire.
   It lets you fly.
 B - the -4 pair of gloves "Ahoimm" (worn) {-Tele Str+10 Stlth+}
   (You bought it in a shop on level 4 of the Orcish Mines)

   It affects your strength (+10).
   It prevents most forms of teleportation.
   It makes you more stealthy.
 E - a +2 large shield of resistance
 L - the +2 cloak of Garawnuk (worn) {MR+++ Regen+ Int-3 Stlth+}
   (You bought it in a shop on level 6 of the Dungeon)

   It affects your intelligence (-3).
   It affects your resistance to hostile enchantments.
   It increases your rate of regeneration.
   It makes you more stealthy.
 P - the +0 mask of the Dragon (worn) {MR+ Slay+3 SInv}
   (You found it on level 4 of the Shoals)

   It affects your accuracy and damage with ranged weapons and melee attacks
   (+3).
   It affects your resistance to hostile enchantments.
   It lets you see invisible.
 Q - the +27 Lear's hauberk
   (You found it on level 4 of the Shoals)
 S - the +0 pair of gloves "Ceorouh" {rF++ SInv}
   (You found it on level 3 of the Elven Halls)

   It greatly protects you from fire.
   It lets you see invisible.
 Y - the +7 chain mail of Generosity (worn) {rCorr Int+3}
   (You acquired it on level 1 of the Elven Halls)

   It affects your intelligence (+3).
   It protects you from acid and corrosion.
Jewellery
 b - an uncursed amulet of guardian spirit
 f - an uncursed ring of poison resistance
 m - the ring of Oprozups (right hand) {Wiz +Inv rElec Str+3}
   (You took it off a deep elf master archer on level 3 of the Elven Halls)

   [ring of wizardry]

   It improves your spell success rate.
   It affects your strength (+3).
   It insulates you from electricity.
   It lets you turn invisible.
 q - an uncursed ring of invisibility
 t - the ring "Ilexi" (left hand) {rElec Str+3 Stlth-}
   (You took it off a deep elf annihilator on level 3 of the Elven Halls)

   [ring of loudness]

   It affects your strength (+3).
   It insulates you from electricity.
   It makes you less stealthy.
 x - an amulet of faith (around neck)
 T - an uncursed amulet of regeneration
Wands
 i - a wand of digging (2)
 j - a wand of digging (3)
 l - a wand of teleportation (3)
 M - a wand of fireball (6)
 N - a wand of lightning (13)
Scrolls
 k - 18 scrolls of teleportation
 n - 8 scrolls of magic mapping
 p - a scroll of summoning
 r - 4 scrolls of recharging
 u - 16 scrolls of identify
 y - 2 scrolls of enchant armour
 J - 12 scrolls of remove curse
 O - 7 scrolls of fear
 R - 5 scrolls of blinking
Potions
 c - a potion of ambrosia {unknown}
 h - 13 potions of curing
 C - 7 potions of agility
 D - 5 potions of invisibility
 F - 4 potions of berserk rage
 I - 3 potions of haste
 K - 3 potions of might
Books
 G - a book of Air

   Spells                             Type                      Level
   a - Shock                          Conjuration/Air              1
   b - Swiftness                      Charms/Air                   2
   c - Repel Missiles                 Charms/Air                   2
   d - Static Discharge               Conjuration/Air              3
   e - Lightning Bolt                 Conjuration/Air              5
Comestibles
 a - 3 beef jerkies
 e - 24 bread rations
 z - 25 fruits
 A - 13 slices of pizza
 H - 15 meat rations


   Skills:
 + Level 17.2 Fighting
 + Level 21.1 Long Blades
 + Level 14.5 Armour
 + Level 10.7 Dodging
 + Level 1.5 Stealth
 + Level 26.1 Shields
 + Level 3.5 Invocations
 + Level 0.6 Evocations


You had 19 spell levels left.
You didn't know any spells.

Dungeon Overview and Level Annotations

Branches:
Dungeon (15/15) Temple (1/1) D:4 Lair (8/8) D:9 Shoals (4/4) Lair:5 Snake (4/4) Lair:5 Slime (0/6) Lair:8 Orc (4/4) D:10 Elf (3/3) Orc:3 Vaults (0/5) D:12 D:13 Depths (0/5) D:15

Altars:
Ashenzari
Cheibriados
Dithmenos
Fedhas
Gozag
Kikubaaqudgha
Makhleb
Nemelex Xobeh
Okawaru
Qazlal
Ru
Sif Muna
Vehumet
Xom
Zin

Shops:
D:6 [   D:11 *   D:15 }   Orc:2 *   Orc:4 [:!!   Elf:1 ?   Snake:2 [

Portals:
Pandemonium: Orc:4


Innate Abilities, Weirdness & Mutations

You reflexively headbutt those who attack you in melee.
You have a pair of horns on your head.
You are partially covered in yellow scales (AC +2).
Your magical capacity is low (-10% MP).
Your spells are a little easier to cast, but a little less powerful.


Message History

You block the snapping turtle's attack.
A snapping turtle comes into view.
Unknown command.
You open the snapping turtle like a pillowcase!!!
You kill the snapping turtle!
Okawaru accepts your kill.
The merfolk avatar chants a haunting song.
You resist with almost no effort.
The merfolk aquamancer casts a spell at you.
The shard of ice hits you!
* * * LOW HITPOINT WARNING * * *
Read which item? (? for menu, Esc to quit)
You cannot teleport because you are wearing the -4 pair of gloves "Ahoimm" {-Tele Str+10 Stlth+}.
Items here: (( ) [ † a poisoned tomahawk; a spear of pain; 5 steel javelins; a leather armour a merfolk corpse The merfolk throws a poisoned tomahawk.
You block the poisoned tomahawk.
The merfolk aquamancer points at you and mumbles some strange words.
The shard of ice hits you!
You die...

.≈≈≈≈≈≈P≈≈≈....P≈PPPP .
≈≈≈tm≈P≈≈≈..)(.≈≈≈PP≈ .
#≈PP≈≈≈≈≈......P.PP≈ P
#≈≈m≈P≈..†(......≈P .
##≈≈≈≈≈........P.≈≈ ≈
##≈≈)))).......≈≈≈ ≈
#.P.†(≈........≈≈P≈≈≈≈
#.PP((≈....(..P≈≈PP≈≈≈
#...)@........≈≈≈≈≈≈≈≈
...m.........##..PP≈≈≈≈≈≈
..#.........###...≈≈P≈≈≈≈
..#...........#..<≈≈≈≈≈≈≈≈
#..?............≈≈≈≈≈≈≈≈≈≈
................≈≈≈≈.≈≈≈≈
≈≈≈≈≈≈≈≈...≈≈≈.....#..≈≈≈
≈≈≈≈≈≈≈≈≈≈≈≈.....##..≈≈≈
≈≈≈≈≈≈≈≈≈≈≈≈≈....≈≈≈≈


You could see a merfolk avatar, a merfolk aquamancer, a snapping turtle and a
merfolk.

Vanquished Creatures
  Saint Roka (Orc:4)
  Vashnia (Snake:2)
  Nikola (Elf:3)
  Rupert (D:12)
  Asterion (Elf:3)
  4 deep elf master archers (Elf:3)
  2 deep elf blademasters (Elf:3)
  2 krakens
  The ghost of Glider the Tortoise, an adept MiFi of Qazlal (Snake:3)
  Kirke (Lair:6)
  Roxanne (D:14)
  10 greater nagas
  Ilsuiw (Shoals:4)
  Wiglaf (Elf:3)
  8 deep elf sorcerers (Elf:3)
  The ghost of Zeloya the Nimble, an adept KoWr of Fedhas (Orc:4)
  Aizul (Elf:3)
  An orc warlord (Elf:1)
  Nessos (Lair:6)
  16 deep elf annihilators
  8 deep elf demonologists (Elf:3)
  4 deep elf death magi (Elf:3)
  2 merfolk javelineers
  Snorg (Orc:2)
  Erolcha (D:9)
  Josephine (D:13)
  2 fire dragons (Lair:8)
  3 merfolk impalers
  The ghost of TugoseryaHuesosov the Basher, a journeyman MiFi of Okawaru (Orc:3)
  Fannar (D:12)
  9 hydras
  6 deep elf high priests (Elf:3)
  16 anacondas
  18 naga warriors
  A catoblepas (Lair:4)
  3 centaur warriors
  An ice dragon (Lair:6)
  3 merfolk avatars
  9 merfolk aquamancers
  Erica (Orc:1)
  17 dancing weapons (Elf:2)
  3 tengu warriors
  6 death yaks
  12 shock serpents
  17 naga sharpshooters
  4 orc high priests (Orc:4)
  A soul eater (Orc:4)
  Sonja (D:12)
  22 deep elf knights
  Nergalle (Orc:1)
  4 skeletal warriors
  An infernal demonspawn (Orc:4)
  14 sea snakes
  The ghost of Atheist the Frost Mage, a novice DEIE of Vehumet (D:9)
  5 unseen horrors
  A gelid demonspawn (Orc:4)
  8 deep elf summoners
  A lindwurm (Lair:8)
  11 griffons
  Pikel (D:4)
  20 harpies
  2 oklob plants (Lair:7)
  4 naga ritualists
  7 orc knights
  A mana viper (shapeshifter) (Elf:3)
  12 deep elf conjurers
  2 wizards (D:15)
  4 hill giants
  A wolf spider (Orc:2)
  6 fauns
  10 mana vipers
  5 ugly things
  3 cyclopes
  8 salamanders
  3 water nymphs
  A necromancer (D:15)
  10 orc sorcerers
  6 manticores
  2 rust devils (Orc:4)
  5 centaur zombies
  16 naga magi
  Maurice (Orc:3)
  2 sirens
  Joseph (D:9)
  11 spiny frogs
  2 gargoyles
  5 torpor snails (Lair:8)
  Psyche (D:12)
  12 elephants
  32 black mambas
  12 guardian serpents
  10 komodo dragons
  2 kobold demonologists
  2 orange demons (Orc:4)
  3 centaur skeletons
  A fire drake (Lair:7)
  A red devil (Orc:4)
  15 deep elf priests
  3 two-headed ogres
  11 trolls
  A yaktaur (shapeshifter) (Elf:2)
  17 merfolk
  A blue devil (Orc:4)
  15 blink frogs
  2 giant leeches (Lair:8)
  A raiju (shapeshifter) (Elf:1)
  A wolf spider simulacrum (D:14)
  A boulder beetle (Lair:7)
  3 slime creatures
  6 wind drakes
  8 snapping turtles
  2 trapdoor spider zombies
  A hornet zombie (D:15)
  A vampire (D:14)
  A shadow (D:15)
  25 deep elf magi
  66 yaks
  2 redbacks (Orc:2)
  17 humans
  A spriggan (shapeshifter) (D:13)
  6 steam dragons
  14 water elementals
  3 hungry ghosts
  Eustachio (D:6)
  A wyvern (D:13)
  28 deep elf fighters
  5 wraiths (D:13)
  4 basilisks
  2 hogs (Lair:6)
  7 mottled dragons
  15 hippogriffs
  23 wolves
  4 vampire mosquitoes (D:13)
  10 water moccasins
  6 wargs
  66 nagas
  A soldier ant (D:12)
  2 slaves (D:4)
  13 porcupines
  Purgy (Sewer)
  34 orc warriors
  A spider (Orc:2)
  7 ice beasts
  A black bear (Lair:3)
  7 wasps
  9 ogres
  2 sky beasts
  A phantom (D:12)
  17 centaurs
  5 brain worms
  The ghost of Poody the Conjurer, an amateur HECj (D:3)
  24 crocodiles
  2 big kobolds
  24 giant frogs
  Blork the orc (D:4)
  3 scorpions
  A water moccasin zombie (D:6)
  A wyvern skeleton (D:8)
  12 wights
  A killer bee (D:13)
  An electric eel (Lair:6)
  5 lava snakes
  18 crimson imps
  3 vampire bats (D:2)
  2 giant frog zombies (D:12)
  4 jellies
  3 quasits
  28 orc priests
  A giant frog skeleton (D:10)
  26 orc wizards
  3 hounds
  9 worker ants
  Jessica (D:2)
  10 iguanas
  16 sheep
  A hound zombie (D:11)
  3 hound skeletons
  A worker ant zombie (D:11)
  17 adders
  6 gnolls
  A white imp (D:7)
  34 river rats
  5 shadow imps
  4 adder zombies
  21 worms
  4 adder skeletons
  166 orcs
  4 ball pythons
  2 bat skeletons (D:2)
  3 bat zombies (D:2)
  5 hobgoblins (D:1)
  8 jackals (D:7)
  6 quokkas
  15 bats
  8 giant cockroaches
  A giant cockroach zombie (D:6)
  4 giant geckos
  A giant gecko skeleton (D:5)
  8 giant newts
  9 goblins
  12 kobolds
  19 rats
  A butterfly (Lair:8)
  2 crawling corpses (Elf:3)
  A fungus (Lair:7)
  4 plants (Lair:7)
  A tentacle (Shoals:2)
1578 creatures vanquished.

Vanquished Creatures (others)
  2 anacondas (Snake:4)
  A sea snake (Snake:4)
  A cyclops (Shoals:4)
  A black mamba (Snake:4)
  An orc priest (Orc:2)
  An orc (D:4)
  15 fungi
  18 plants
  7 tentacles
  136 tentacle segments
183 creatures vanquished.

Grand Total: 1761 creatures vanquished

Notes
Turn   | Place    | Note
--------------------------------------------------------------
     0 | D:1      | Peloso the Minotaur Fighter began the quest for the Orb.
     0 | D:1      | Reached XP level 1. HP: 19/19 MP: 0/0
   232 | D:1      | Reached XP level 2. HP: 25/27 MP: 1/1
   267 | D:1      | Reached skill level 4 in Fighting
  1061 | D:2      | Noticed Jessica
  1066 | D:2      | Killed Jessica
  1066 | D:2      | Reached XP level 3. HP: 30/34 MP: 2/2
  1245 | D:2      | Found a stormy altar of Qazlal.
  1289 | D:2      | Reached skill level 1 in Dodging
  1314 | D:2      | Reached XP level 4. HP: 34/41 MP: 3/3
  1325 | D:2      | Found a sparkling altar of Nemelex Xobeh.
  1462 | D:2      | Found an ancient bone altar of Kikubaaqudgha.
  1462 | D:2      | Noticed a vampire bat
  1462 | D:2      | Noticed a vampire bat
  1464 | D:2      | Noticed a vampire bat
  1469 | D:2      | Killed a vampire bat
  1473 | D:2      | Killed a vampire bat
  1473 | D:2      | Reached XP level 5. HP: 41/47 MP: 4/4
  1486 | D:2      | Killed a vampire bat
  1768 | D:3      | Noticed Poody's ghost (amateur HECj)
  1772 | D:3      | Killed Poody's ghost
  1772 | D:3      | Reached skill level 5 in Shields
  1772 | D:3      | Reached XP level 6. HP: 44/55 MP: 5/5
  1797 | D:3      | Reached skill level 5 in Armour
  2175 | D:4      | Found an opulent altar of Gozag.
  2271 | D:4      | Found a staircase to the Ecumenical Temple.
  2299 | D:4      | Reached skill level 5 in Fighting
  2478 | D:4      | Noticed Pikel
  2494 | D:4      | Found a glowing drain.
  2508 | D:4      | Killed Pikel
  2508 | D:4      | Reached skill level 6 in Armour
  2508 | D:4      | Reached XP level 7. HP: 28/62 MP: 6/6
  2741 | Sewer    | Entered a sewer
  2803 | Sewer    | Reached XP level 8. HP: 66/70 MP: 7/7
  2846 | Sewer    | Noticed Purgy
  2855 | Sewer    | Killed Purgy
  2855 | Sewer    | Reached skill level 5 in Long Blades
  2983 | Temple   | Entered the Ecumenical Temple
  3001 | Temple   | Became a worshipper of Warmaster Okawaru
  3199 | D:4      | Found a burning altar of Makhleb.
  3372 | D:4      | Noticed Blork the orc
  3435 | D:4      | Killed Blork the orc
  3490 | D:5      | Entered Level 5 of the Dungeon
  3495 | D:5      | Reached skill level 7 in Armour
  3930 | D:5      | Found a shadowy altar of Dithmenos.
  4342 | D:6      | Found Neaxett's Armour Shop.
  4393 | D:6      | Bought the +2 cloak of Garawnuk {MR+++ Regen+ Int-3 Stlth+} for 321 gold pieces
  4600 | D:6      | Noticed Eustachio
  4629 | D:6      | Killed Eustachio
  4629 | D:6      | Reached * piety under Okawaru
  4629 | D:6      | Reached skill level 5 in Dodging
  5083 | D:7      | Reached XP level 9. HP: 78/78 MP: 8/8
  5193 | D:7      | Reached skill level 8 in Shields
  5484 | D:7      | Reached ** piety under Okawaru
  5565 | D:7      | Reached skill level 9 in Shields
  5756 | D:7      | Found a sacrificial altar of Ru.
  6118 | D:7      | Reached *** piety under Okawaru
  6355 | D:8      | Noticed a cyclops
  6375 | D:8      | Killed a cyclops
  6375 | D:8      | Reached skill level 10 in Shields
  6375 | D:8      | Reached XP level 10. HP: 67/88 MP: 9/9
  7048 | D:8      | Found a radiant altar of Vehumet.
  7256 | D:8      | Reached **** piety under Okawaru
  7405 | D:9      | Noticed Joseph
  7437 | D:9      | Killed Joseph
  7437 | D:9      | Reached skill level 11 in Shields
  7445 | D:9      | Received a gift from Okawaru
  8140 | D:9      | Noticed Atheist's ghost (novice DEIE)
  8363 | D:9      | Killed Atheist's ghost
  8363 | D:9      | Reached ***** piety under Okawaru
  8363 | D:9      | Reached skill level 12 in Shields
  8445 | D:9      | Noticed Erolcha
  8457 | D:9      | Killed Erolcha
  8457 | D:9      | Reached XP level 11. HP: 92/95 MP: 10/10
  8696 | D:9      | Found a staircase to the Lair.
  8741 | D:9      | Reached skill level 1 in Invocations
  8752 | D:9      | Received a gift from Okawaru
  8755 | D:9      | Got a pair of polished gloves {god gift}
  8766 | D:9      | Identified the +0 pair of gloves of Dicsusy {Dex+5} (Okawaru gifted it to you on level 9 of the Dungeon)
  8977 | Lair:1   | Entered Level 1 of the Lair of Beasts
  8985 | Lair:1   | Got a faintly glowing long sword
  8986 | Lair:1   | Identified the cursed +1 long sword of Bloody Death {flame, rF+ MR+ Stlth+} (You found it on level 1 of the Lair of Beasts)
  9158 | Lair:1   | Reached skill level 13 in Shields
  9182 | Lair:1   | Reached skill level 10 in Long Blades
  9841 | Lair:1   | Reached skill level 1 in Stealth
 10393 | Lair:2   | Reached skill level 14 in Shields
 10713 | Lair:2   | Reached XP level 12. HP: 98/106 MP: 12/12
 10905 | Lair:2   | Reached skill level 10 in Fighting
 11106 | D:10     | Entered Level 10 of the Dungeon
 11712 | D:10     | Found a staircase to the Orcish Mines.
 11848 | D:10     | Found a deep blue altar of Sif Muna.
 12009 | Orc:1    | Entered Level 1 of the Orcish Mines
 12056 | Orc:1    | Noticed Erica
 12059 | Orc:1    | Noticed Nergalle
 12068 | Orc:1    | Killed Erica
 12099 | Orc:1    | Killed Nergalle
 12202 | Orc:2    | Reached skill level 15 in Shields
 12461 | Orc:1    | Reached ****** piety under Okawaru
 12856 | Orc:2    | Reached skill level 10 in Armour
 13031 | Orc:2    | Found Cazunime's General Store.
 13134 | Orc:1    | Noticed Snorg
 13151 | Orc:2    | Killed Snorg
 13151 | Orc:2    | Received a gift from Okawaru
 13187 | Orc:3    | Found a staircase to the Elven Halls.
 13239 | Orc:3    | Noticed TugoseryaHuesosov's ghost (journeyman MiFi)
 13257 | Orc:3    | Killed TugoseryaHuesosov's ghost
 13527 | Orc:3    | Noticed Maurice
 13538 | Orc:3    | Killed Maurice
 13730 | Orc:3    | Reached skill level 16 in Shields
 13828 | Orc:4    | Entered Level 4 of the Orcish Mines
 13858 | Orc:4    | Noticed Saint Roka
 14164 | Orc:4    | Killed Saint Roka
 14164 | Orc:4    | Received a gift from Okawaru
 14164 | Orc:4    | Reached XP level 13. HP: 63/116 MP: 7/13
 14557 | Orc:4    | Found Qitauff's Distillery.
 14611 | Orc:4    | Found Ihypt's Distillery.
 15206 | Orc:4    | HP: 5/116 [sixfirhy[an orc high priest] (9)]
 15386 | Orc:4    | Received a gift from Okawaru
 15748 | Orc:4    | Reached skill level 17 in Shields
 16165 | Orc:4    | Gained mutation: Your magical capacity is low (-10% MP). [a neqoxec]
 16388 | Orc:4    | Found Cammel's Book Shoppe.
 16388 | Orc:4    | Found a one-way gate leading to the halls of Pandemonium.
 16388 | Orc:4    | Found Penwafoz's Antique Armour Emporium.
 16392 | Orc:4    | Bought a translucent large shield for 247 gold pieces
 16403 | Orc:4    | Identified the +7 large shield "Riqo" {+Fly rF+ Dex+4} (You bought it in a shop on level 4 of the Orcish Mines)
 16409 | Orc:4    | Bought a pair of warped gloves for 247 gold pieces
 16419 | Orc:4    | Identified the -4 pair of gloves "Ahoimm" {-Tele Str+10 Stlth+} (You bought it in a shop on level 4 of the Orcish Mines)
 16419 | Orc:4    | Bought a pair of smoking gloves for 247 gold pieces
 16429 | Orc:4    | Identified the +0 pair of gloves "Rauduh" {rPois Str-5 Int+11 Stlth-} (You bought it in a shop on level 4 of the Orcish Mines)
 16621 | Orc:4    | Noticed Zeloya's ghost (adept KoWr)
 16703 | Orc:4    | Killed Zeloya's ghost
 17074 | Orc:4    | Reached XP level 14. HP: 95/125 MP: 13/13
 17706 | D:11     | Reached skill level 18 in Shields
 17760 | D:11     | Received a gift from Okawaru
 18057 | D:11     | Found a deep blue altar of Sif Muna.
 18188 | D:11     | Found Cytaod's Assorted Antiques.
 18535 | D:12     | Noticed Fannar
 19021 | Lair:3   | Found a deep blue altar of Sif Muna.
 19880 | Lair:4   | Gained mutation: You are partially covered in yellow scales (AC +2). [potion of beneficial mutation]
 20133 | Lair:4   | Reached skill level 19 in Shields
 20589 | Lair:5   | Found a staircase to the Shoals.
 20592 | Lair:5   | Received a gift from Okawaru
 20612 | Lair:5   | Got a heavily runed ring mail {god gift}
 20624 | Lair:5   | Identified the +4 ring mail of Immorality {*Drain rElec Str+3} (Okawaru gifted it to you on level 5 of the Lair of Beasts)
 20997 | Lair:5   | Found a staircase to the Snake Pit.
 21678 | Lair:6   | Noticed Nessos
 21728 | Lair:6   | Killed Nessos
 21956 | Lair:6   | Noticed Kirke
 21973 | Lair:6   | Killed Kirke
 21973 | Lair:6   | Reached XP level 15. HP: 118/134 MP: 14/14
 22505 | Lair:7   | Reached skill level 15 in Long Blades
 23351 | Lair:8   | Entered Level 8 of the Lair of Beasts
 23359 | Lair:8   | Reached skill level 20 in Shields
 23543 | Lair:8   | Gained mutation: Your spells are a little easier to cast, but a little less powerful. [a Zot trap]
 23955 | Lair:8   | Received a gift from Okawaru
 24169 | Lair:8   | Found a staircase to the Slime Pits.
 24548 | Lair:8   | Found a runed door.
 24850 | Lair:8   | Lost intelligence.
 25079 | Snake:1  | Entered Level 1 of the Snake Pit
 25845 | Snake:1  | Received a gift from Okawaru
 26176 | Snake:1  | Reached skill level 21 in Shields
 26530 | Snake:2  | Noticed Vashnia
 26711 | Snake:2  | Killed Vashnia
 26711 | Snake:2  | Reached XP level 16. HP: 100/144 MP: 8/15
 27497 | Snake:2  | Found Retz's Antique Armour Shop.
 28039 | Snake:3  | Received a gift from Okawaru
 28235 | Snake:3  | Noticed Glider's ghost (adept MiFi)
 28313 | Snake:3  | Killed Glider's ghost
 28747 | Snake:3  | Reached skill level 22 in Shields
 29040 | Snake:3  | Received a gift from Okawaru
 29878 | Snake:4  | Entered Level 4 of the Snake Pit
 29931 | Snake:4  | Reached XP level 17. HP: 143/152 MP: 16/16
 29939 | Snake:4  | Received a gift from Okawaru
 29970 | Snake:4  | Found a flickering gateway to a bazaar.
 29980 | Bazaar   | Entered a bazaar
 29980 | Bazaar   | Found Ineb's General Store.
 29980 | Bazaar   | Found Ahoom's Weapon Shop.
 29980 | Bazaar   | Found Zujum's Gadget Shoppe.
 29985 | Bazaar   | Found Fajaurph's Gadget Shop.
 29985 | Bazaar   | Found Tubbiacuem's Gadget Emporium.
 29988 | Bazaar   | Bought a scroll of magic mapping for 45 gold pieces
 29988 | Bazaar   | Bought a scroll of magic mapping for 45 gold pieces
 30074 | Bazaar   | Bought a scroll of identify for 26 gold pieces
 30687 | Snake:4  | Received a gift from Okawaru
 30850 | Snake:4  | Received a gift from Okawaru
 30871 | Snake:4  | Reached skill level 23 in Shields
 31192 | Snake:4  | Got a serpentine rune of Zot
 32211 | D:12     | Noticed Sonja
 32218 | D:12     | Killed Sonja
 32327 | D:12     | Noticed Psyche
 32335 | D:12     | Killed Psyche
 32374 | D:12     | Reached skill level 15 in Fighting
 32404 | D:12     | Killed Fannar
 32889 | D:13     | Found a gate to the Vaults.
 32889 | D:13     | Noticed Rupert
 32900 | D:12     | Killed Rupert
 33143 | D:13     | Reached XP level 18. HP: 163/163 MP: 17/17
 33308 | D:13     | Noticed Josephine
 33314 | D:13     | Killed Josephine
 33314 | D:13     | Received a gift from Okawaru
 33335 | D:13     | Got a crystal falchion {god gift}
 33354 | D:13     | Identified the +5 falchion of Qaafed {elec, rElec Stlth+} (Okawaru gifted it to you on level 13 of the Dungeon)
 33919 | D:14     | Noticed Roxanne
 33936 | D:14     | Killed Roxanne
 34334 | D:15     | Entered Level 15 of the Dungeon
 34336 | D:15     | Found a glowing silver altar of Zin.
 34413 | D:15     | Identified the Papyrus of Venomous Good Luck
 34481 | D:15     | Found Hyhamos's Quality Used Wands.
 34992 | D:15     | Found a staircase to the Depths.
 35078 | D:15     | Got a translucent cloak
 35089 | D:15     | Identified the +0 cloak "Pugra" {MR- MP+9 Int+8 Stlth-} (You found it on level 15 of the Dungeon)
 35290 | Elf:1    | Entered Level 1 of the Elven Halls
 35349 | Elf:1    | Reached skill level 24 in Shields
 35405 | Elf:1    | Received a gift from Okawaru
 35831 | Elf:1    | Got an ebony halberd {chop}
 35832 | Elf:1    | Identified the +7 halberd of Expedience {chop, Dex+6} (You took it off a deep elf mage on level 1 of the Elven Halls)
 36123 | Elf:1    | Found Fiopn's Magic Scroll Shoppe.
 36135 | Elf:1    | Bought a scroll of remove curse for 36 gold pieces
 36135 | Elf:1    | Bought a scroll of acquirement for 624 gold pieces
 36186 | Elf:1    | Got a scorched chain mail
 36197 | Elf:1    | Identified the +7 chain mail of Generosity {rCorr Int+3} (You acquired it on level 1 of the Elven Halls)
 36764 | Elf:2    | Found a huge runed gate.
 36764 | Elf:2    | Found a huge runed gate.
 36765 | Elf:2    | Found a huge runed gate.
 36766 | Elf:2    | Found a huge runed gate.
 36774 | Elf:2    | Found a huge runed gate.
 37048 | Elf:2    | Received a gift from Okawaru
 37661 | Elf:3    | Entered Level 3 of the Elven Halls
 37703 | Elf:3    | Noticed Aizul
 37722 | Elf:3    | Killed Aizul
 37722 | Elf:3    | Received a gift from Okawaru
 37934 | Elf:3    | Reached XP level 19. HP: 134/172 MP: 15/18
 38215 | Elf:3    | Received a gift from Okawaru
 38252 | Elf:3    | Noticed Nikola
 38266 | Elf:3    | Killed Nikola
 38487 | Elf:3    | Reached skill level 25 in Shields
 38600 | Elf:3    | Got a translucent lapis lazuli ring
 38681 | Elf:3    | Noticed Wiglaf
 38733 | Elf:3    | HP: 1/173 [deep elf death mage/vampiric draining (11)]
 38771 | Elf:3    | Reached skill level 10 in Dodging
 38912 | Elf:3    | Got a bound pewter ring
 38930 | Elf:3    | Got a pair of ancient gloves
 38951 | Elf:3    | Identified the cursed +0 pair of gloves "Ceorouh" {rF++ SInv} (You found it on level 3 of the Elven Halls)
 39036 | Elf:3    | Noticed Asterion
 39057 | Elf:3    | Killed Asterion
 39173 | Elf:3    | Killed Wiglaf
 39268 | Elf:3    | Received a gift from Okawaru
 39595 | Elf:3    | Identified Sefatula's Tome of Warped Talismans
 39755 | Elf:3    | Got a smoking whip
 39756 | Elf:3    | Identified the +5 whip of Paimej {slash, MR- Str+6 Stlth+} (You found it on level 3 of the Elven Halls)
 39769 | Elf:3    | Identified the ring of Oprozups {Wiz +Inv rElec Str+3} (You took it off a deep elf master archer on level 3 of the Elven Halls)
 39771 | Elf:3    | Identified the ring "Ilexi" {rElec Str+3 Stlth-} (You took it off a deep elf annihilator on level 3 of the Elven Halls)
 39806 | Elf:3    | Got a transparent hunting sling
 39862 | Elf:3    | Got a bloodstained war axe {elec}
 39862 | Elf:3    | Got a crude morningstar {holy}
 39869 | Elf:3    | Identified the +9 morningstar "Devutoge" {holy, rF++ rN+ Dex-5} (You took it off a deep elf priest on level 3 of the Elven Halls)
 39876 | Elf:3    | Identified the +6 hunting sling of Slime {flame, rF+ rC+ rN+} (You took it off a deep elf priest on level 3 of the Elven Halls)
 39879 | Elf:3    | Identified the +5 war axe of the Trees {elec, rN+ MP+9} (You took it off a deep elf fighter on level 3 of the Elven Halls)
 41033 | Shoals:1 | Entered Level 1 of the Shoals
 42107 | Shoals:2 | Reached XP level 20. HP: 113/183 MP: 19/19
 42793 | Shoals:3 | Received a gift from Okawaru
 43294 | Shoals:3 | Reached skill level 26 in Shields
 43319 | Shoals:3 | Received a gift from Okawaru
 43567 | Shoals:4 | Entered Level 4 of the Shoals
 43694 | Shoals:4 | Noticed Ilsuiw
 43730 | Shoals:4 | Killed Ilsuiw
 43753 | Shoals:4 | HP: 2/184 [merfolk aquamancer/shard of ice (16)]
 43770 | Shoals:4 | Killed from afar by a merfolk aquamancer

Action                   |  1- 3 |  4- 6 |  7- 9 | 10-12 | 13-15 | 16-18 | 19-21 || total
-------------------------+-------+-------+-------+-------+-------+-------+-------++-------
Melee: Long sword        |    89 |   127 |   508 |  1141 |  2160 |   540 |       ||  4565
       Double sword      |       |       |       |       |       |  1389 |   844 ||  2233
       Scimitar          |       |       |       |       |       |     7 |       ||     7
Invok: Heroism           |       |       |       |     5 |     5 |     2 |     1 ||    13
       Finesse           |       |       |       |     2 |     2 |       |     1 ||     5
Evoke: Wand              |       |       |       |     5 |     5 |     1 |     5 ||    16
  Use: Potion            |       |     2 |       |     2 |     2 |     1 |     4 ||    11
       Scroll            |       |       |    23 |     6 |     6 |    11 |     6 ||    52
  Eat: Chunk             |     1 |     4 |    15 |    29 |    43 |    30 |    15 ||   137
       Beef jerky        |       |       |       |     1 |       |     5 |     1 ||     7
       Royal jelly       |       |       |       |       |     1 |       |     1 ||     2
